 Dungeon Crawl Stone Soup version 0.25-a0-317-g5f8687bca5 (webtiles) character file.

Game seed: 10561141591990737471, levelgen mode: deterministic

758 Gargoyl the Skirmisher (level 7, -7/59 HPs)
             Began as a Centaur Abyssal Knight on Dec 27, 2019.
             Was a Priest of Lugonu.
             Mangled by a troll (11 damage)
             ... on level 5 of the Dungeon.
             The game lasted 00:06:37 (6769 turns).

Gargoyl the Skirmisher (Centaur Abyssal Knight)     Turns: 6769, Time: 00:06:39

Health: -7/59      AC:  8    Str: 15    XL:     7   Next: 50%
Magic:  9/9        EV:  2    Int: 11    God:    Lugonu [***...]
Gold:   18         SH:  9    Dex: 10    Spells: 6/6 levels left

rFire    . . .     SeeInvis +   a - +2 hand axe
rCold    . . .     Gourm    .   p - +3 shield of Salvation {+Inv}
rNeg     . . .     Faith    .   d - +0 chain mail {rPois}
rPois    +         Spirit   .   (no helmet)
rElec    .         Reflect  .   (no cloak)
rCorr    +         Harm     .   (no gloves)
MR       .....                  (no barding)
Stlth    ..........             (no amulet)
HPRegen  0.19/turn              h - ring of resist corrosion
MPRegen  0.11/turn              m - ring of see invisible

@: very quick
A: large, hooves 3, deformed body, speed 2, tough skin 3
a: Depart the Abyss, Bend Space, Banish, Renounce Religion, Evoke Invisibility


You were on level 5 of the Dungeon.
You worshipped Lugonu.
Lugonu was most pleased with you.
You were not hungry.

You visited 2 branches of the dungeon, and saw 6 of its levels.
You visited the Abyss 1 time.

You collected 246 gold pieces.
You spent 228 gold pieces at shops.

Inventory:

Hand Weapons
 a - a +2 hand axe (weapon)
Missiles
 j - 5 javelins (quivered)
Armour
 b - a +0 leather armour
 d - a +0 chain mail of poison resistance (worn)
 p - the +3 shield of Salvation (worn) {+Inv}
   (You bought it in a shop on level 5 of the Dungeon)

   It lets you turn invisible.
Jewellery
 h - a ring of resist corrosion (left hand)
 i - an uncursed amulet of rage {unknown}
 m - a ring of see invisible (right hand)
Wands
 e - a wand of iceblast (7)
Scrolls
 f - 2 scrolls of immolation
 g - a scroll of remove curse
 l - 3 scrolls of teleportation
 o - a scroll of fog
 q - 3 scrolls of identify
Potions
 k - 3 potions of curing
 n - a potion of brilliance
Comestibles
 c - 12 rations


   Skills:
 + Level 4.1 Fighting
 + Level 3.7 Axes
 + Level 0.6 Throwing
 * Level 4.1 Armour
 * Level 2.2 Dodging
 * Level 3.9 Invocations


You had 6 spell levels left.
You didn't know any spells.
Your spell library was empty.

Dungeon Overview and Level Annotations

Branches:
Dungeon (5/15)             Temple (1/1) D:4

Altars:
Elyvilon
Nemelex Xobeh
Okawaru
Uskayaw

Shops:
D:5 [(


Innate Abilities, Weirdness & Mutations

You have hooves in place of feet.
Armour fits poorly on your strangely shaped body.
You cover ground very quickly.
You have extremely tough skin. (AC +3)


Message History

The troll claws you but does no damage. The troll claws you.
Your shield and chain mail prevent you from hitting the troll.
The troll is heavily wounded.
You block the troll's attack. The troll claws you.
The troll claws you but does no damage.
You hit the troll. You kick the troll, but do no damage.
The troll is heavily wounded.
The troll bites you but does no damage. You block the troll's attack.
The troll claws you but does no damage.
You hit the troll.
The troll is heavily wounded.
The troll bites you! The troll claws you! You block the troll's attack.
You hit the troll.
The troll is severely wounded.
The troll bites you!
* * * LOW HITPOINT WARNING * * *
You block the troll's attack. The troll claws you.
* * * LOW HITPOINT WARNING * * *
The troll bites you!
You die...

#####.########
#.....# #.###.#
#.###.#####
#.#.......#
#.#....##.#
#'#....##.#
+∩'....##.##########
#+#........@T......#
#....##.########.#
#.#.###.# #.# #.#.#
#.# #.. #.......#
#... ###+##### .....
...... ......#


You could see a troll.

Vanquished Creatures
  Pikel (D:3)
  An orc priest (D:4)
  An orc wizard (D:3)
  2 hounds (D:4)
  A hound skeleton (D:4)
  2 adders (D:4)
  3 oozes
  4 worms
  A dart slug (D:2)
  2 leopard geckos
  29 orcs
  3 giant cockroaches
  10 goblins
  10 hobgoblins
  3 jackals (D:1)
  3 quokkas
  2 bats
  4 frilled lizards
  6 kobolds
  8 rats
96 creatures vanquished.

Vanquished Creatures (others)
  A quokka (D:4)
1 creature vanquished.

Grand Total: 97 creatures vanquished

Notes
Turn   | Place    | Note
-------+----------+-------------------------------------------
     0 | Abyss:1  | Gargoyl the Centaur Abyssal Knight began the quest for the
                  | Orb.
     0 | Abyss:1  | Reached XP level 1. HP: 19/19 MP: 2/2
    32 | Abyss:1  | Noticed an ancient zyme
    63 | Abyss:2  | Found a corrupted altar of Lugonu.
    99 | Abyss:3  | Found a corrupted altar of Lugonu.
   162 | Abyss:3  | Noticed a vampire
   170 | Abyss:3  | Noticed a bone dragon
   182 | Abyss:3  | Noticed a merfolk zombie
   183 | D:1      | Escaped the Abyss
   362 | D:1      | Reached * piety under Lugonu
   378 | D:1      | Reached XP level 2. HP: 24/26 MP: 3/3
   715 | D:1      | Reached skill level 1 in Dodging
  1376 | D:2      | Reached XP level 3. HP: 7/31 MP: 4/4
  2941 | D:3      | Reached XP level 4. HP: 28/38 MP: 5/5
  3870 | D:3      | Reached ** piety under Lugonu
  3968 | D:3      | Found a hide-covered altar of Uskayaw.
  4795 | D:4      | Noticed Pikel
  4795 | D:4      | Noticed a slave
  4795 | D:4      | Noticed a slave
  4795 | D:4      | Noticed a slave
  4796 | D:4      | Noticed a slave
  4800 | D:4      | Reached XP level 5. HP: 45/45 MP: 5/7
  4829 | D:3      | Killed Pikel
  4829 | D:3      | Reached XP level 6. HP: 23/52 MP: 8/8
  4829 | D:3      | Reached XP level 7. HP: 26/59 MP: 9/9
  5505 | D:4      | HP: 2/59 [orc priest/divine providence (13)]
  5523 | D:4      | Found a staircase to the Ecumenical Temple.
  5533 | Temple   | Entered the Ecumenical Temple
  6425 | D:4      | Found a sparkling altar of Nemelex Xobeh.
  6441 | D:4      | Reached *** piety under Lugonu
  6458 | D:5      | Entered Level 5 of the Dungeon
  6599 | D:5      | Found Viekouczo's Antique Armour Shoppe.
  6604 | D:5      | Bought a polished shield for 228 gold pieces
  6609 | D:5      | Identified the +3 shield of Salvation {+Inv} (You bought it
                  | in a shop on level 5 of the Dungeon)
  6639 | D:5      | Found a white marble altar of Elyvilon.
  6639 | D:5      | Found an iron altar of Okawaru.
  6730 | D:5      | Found Nyxu's Weapon Emporium.
  6753 | D:5      | Noticed a troll
  6769 | D:5      | Mangled by a troll

Levels and vault maps discovered:
D:1:      dpeg_arrival_leaves_temple_mockup, layout_basic
D:2:      layout_loops_ring
D:3:      cheibrodos_greedy_goblins, layout_basic, lemuel_doored_altar
D:4:      layout_basic, minmay_temple_entry_butterflies,
          nemelex_dance_club_becter, uniq_pikel
D:5:      layout_loops_corners, gammafunk_temple_overflow_pools, serial_shops,
          kennysheep_mini, shop, shop_scrolls, nicolae_shop_stone, first_ration,
          kennysheep_potato
Temple:   eino_temple_scatter_basement

Skill      XL: |  1  2  3  4  5  6  7 |
---------------+----------------------+-----
Dodging        | 1 2 |  2.2
Axes           | 2 3 |  3.7
Armour         | 2 3 4 |  4.1
Fighting       | 4 |  4.1
Invocations    | 3 |  3.9
Throwing       | |  0.6

Action                   |  1- 3 |  4- 6 |  7- 9 || total
-------------------------+-------+-------+-------++-------
Melee: Hand axe          |   138 |    76 |   103 ||   317
       Kick              |    19 |    22 |    21 ||    62
Throw: Javelin           |       |     2 |       ||     2
Invok: Depart the Abyss  |     1 |       |       ||     1
Evoke: Wand              |       |       |     2 ||     2
  Use: Scroll            |     9 |     1 |     4 ||    14
       Potion            |     1 |     4 |       ||     5
  Eat: Chunk             |     5 |     5 |     5 ||    15
Armor: Chain mail        |    76 |    43 |    44 ||   163
Dodge: Dodged            |    21 |    15 |    21 ||    57
Block: Shield            |       |       |     6 ||     6

Table legend:
 A = Non-vault XP
 B = Vault XP
 C = Vault XP percentage of total XP
 D = Non-vault monster count
 E = Vault monster count
 F = Vault count percentage of total count
                 A         B        C        D         E       F
            +---------+---------+-------+---------+---------+-------
      Total |     407 |     677 |  62.5 |      85 |      11 |  11.5
            +---------+---------+-------+---------+---------+-------
        D:1 |      27 |       0 |   0.0 |      14 |       0 |   0.0
        D:2 |      38 |       0 |   0.0 |      17 |       0 |   0.0
        D:3 |     106 |     667 |  86.3 |      26 |       9 |  25.7
        D:4 |     223 |      10 |   4.3 |      23 |       2 |   8.0
        D:5 |      13 |       0 |   0.0 |       5 |       0 |   0.0
            +---------+---------+-------+---------+---------+-------
